 Dungeon Crawl Stone Soup version 0.23.0 (webtiles) character file.

Game seed: 12546718614896213376

306 tv1990 the Sneak (level 6, -9/48 HPs)
             Began as a Formicid Monk on Feb 10, 2019.
             Was a Believer of Okawaru.
             Killed by nerve-wracking pain
             ... invoked by Grinder
              (11 damage)
             ... on level 4 of the Dungeon.
             The game lasted 00:07:39 (2558 turns).

tv1990 the Sneak (Formicid Monk)                    Turns: 2558, Time: 00:07:40

Health: -9/48      AC: 10    Str: 14 (17) XL:     6   Next: 67%
Magic:  5/6        EV:  9    Int:  9 (10) God:    Okawaru [**....]
Gold:   186        SH:  0    Dex: 17 (18) Spells: 5/5 levels left

rFire    . . .     SeeInvis +   a - +0 hand axe
rCold    . . .     Gourm    .   (no shield)
rNeg     . . .     Faith    .   m - +0 plate armour
rPois    .         Spirit   .   (helmet unavailable)
rElec    .         Reflect  .   (no cloak)
rCorr    .         Harm     .   (no gloves)
MR       .....                  (no boots)
Stlth    ..........             (no amulet)
HPRegen  0.16/turn              (no ring)
MPRegen  0.10/turn              (no ring)

@: agile
A: permanent stasis, dig shafts and tunnels, four strong arms, antennae 3, claws
1, MP-powered wands
a: Dig, Shaft Self, Heroism, Renounce Religion


You were on level 4 of the Dungeon.
You worshipped Okawaru.
Okawaru was pleased with you.
You were hungry.

You visited 1 branch of the dungeon, and saw 4 of its levels.

You collected 186 gold pieces.

Inventory:

Hand Weapons
 a - a +0 hand axe (weapon)
Armour
 b - a +0 robe
 k - a +0 scale mail
 l - a +0 chain mail
 m - a +0 plate armour (worn)
Jewellery
 s - a +3 ring of slaying {unknown}
Wands
 q - a wand of disintegration (13)
Scrolls
 e - a scroll of magic mapping
 g - a scroll of fear {unknown}
 h - 6 scrolls of remove curse {unknown}
 j - 2 scrolls of fog {unknown}
 n - a scroll of identify {unknown}
 o - 2 scrolls of amnesia {unknown}
 r - a scroll of teleportation {unknown}
Potions
 d - a potion of mutation
 i - a potion of degeneration
Comestibles
 c - 8 rations


   Skills:
 - Level 4.0 Fighting
 - Level 4.3 Axes
 - Level 2.0 Armour
 - Level 2.6 Dodging
 - Level 6.1 Stealth
 + Level 0.8 Invocations


You had 5 spell levels left.
You didn't know any spells.
Your spell library was empty.

Dungeon Overview and Level Annotations

Branches:
Dungeon (4/15)             Temple (0/1) D:4

Altars:
Dithmenos
Okawaru
Ru
Zin
The Shining One

Annotations:
D:4 Grinder


Innate Abilities, Weirdness & Mutations

You cannot be hasted, slowed, berserked, paralysed or teleported.
You can dig through walls and to a lower floor.
Your four strong arms can wield two-handed weapons with a shield.
You have a pair of large antennae on your head. (SInv)
You have sharp fingernails.
You expend magic power (3 MP) to strengthen your wands.


Message History

The dart slug bites you but does no damage.
You closely miss Grinder. You hit the dart slug but do no damage.
Grinder hits you.
* * * LOW HITPOINT WARNING * * *
You writhe in agony.
* * * LOW HITPOINT WARNING * * *
You closely miss Grinder. You hit the dart slug.
You kill the dart slug!
Okawaru accepts your kill.
You feel like a meek peon again. Grinder closely misses you.
Okay, then.
You hit Grinder. Grinder hits you but does no damage.
Your plate armour prevents you from hitting Grinder.
Grinder hits you but does no damage.
Your plate armour prevents you from hitting Grinder.
Grinder says, "I used to sell toenails on the black market."
Grinder gestures at you. Pain shoots through your body!
You die...

*...,,,,,,,**
*###...,*,,,,,* #######
*.#....,*,**,,**
##..#..###.....,,****,,,*
#.......#>....,*,,****,,,
#.........#*,,,*,,,**,,,,
**#...<...#*,,,.,,,,,,,,,
###....###....,**,,,,,,
#....@.......,*,,,,,,,
##..†5.......,,,,,,,,,
###.........,,,,,,,,,
*..........,,,,,,,,,
##.<...#...,,,,,,,,,
*.....##.##,,,,,,,,,
**...)..,,.,,,,,,,,,,
***........,,,,,*,,,,,,
**,,,,,,,,,,,,,,**,,,,,,


You could see Grinder.

Vanquished Creatures
  Sigmund (D:3)
  Natasha (twice) (D:2)
  2 adders (D:2)
  2 oozes
  2 worms (D:2)
  4 dart slugs
  2 leopard geckos
  8 bats
  4 giant cockroaches
  5 goblins
  5 hobgoblins
  6 jackals (D:2)
  6 kobolds
  A quokka (D:3)
  A ball python (D:1)
  5 frilled lizards
  7 rats
63 creatures vanquished.

Notes
Turn   | Place    | Note
-------+----------+-------------------------------------------
     0 | D:1      | tv1990 the Formicid Monk began the quest for the Orb.
     0 | D:1      | Reached XP level 1. HP: 18/18 MP: 1/1
   103 | D:1      | Reached XP level 2. HP: 16/24 MP: 2/2
   325 | D:1      | Reached skill level 1 in Armour
   437 | D:1      | Reached XP level 3. HP: 28/29 MP: 3/3
   612 | D:2      | Found a glowing silver altar of Zin.
   617 | D:2      | Found a sacrificial altar of Ru.
   759 | D:2      | Found a shadowy altar of Dithmenos.
   820 | D:2      | Noticed Natasha
   833 | D:2      | Killed Natasha
   833 | D:2      | Reached XP level 4. HP: 21/37 MP: 4/4
   951 | D:2      | Found a glowing golden altar of the Shining One.
  1379 | D:2      | Found an iron altar of Okawaru.
  1391 | D:2      | Reached XP level 5. HP: 40/42 MP: 5/5
  1397 | D:2      | Became a worshipper of Warmaster Okawaru
  1397 | D:2      | Reached * piety under Okawaru
  1397 | D:2      | Reached ** piety under Okawaru
  1490 | D:2      | Noticed Natasha
  1501 | D:2      | Killed Natasha
  1501 | D:2      | Reached skill level 3 in Stealth
  1906 | D:3      | Noticed Sigmund
  1919 | D:3      | Gained mutation: You have sharp fingernails. [potion of
                  | mutation]
  1919 | D:3      | Gained mutation: You expend magic power (3 MP) to
                  | strengthen your wands. [potion of mutation]
  1938 | D:3      | HP: 2/42 [Sigmund/puff of flame (6)]
  1946 | D:3      | Killed Sigmund
  1946 | D:3      | Reached skill level 6 in Stealth
  1946 | D:3      | Reached XP level 6. HP: 4/48 MP: 3/6
  2524 | D:4      | Noticed Grinder
  2554 | D:4      | HP: 2/48 [Grinder (1)]
  2558 | D:4      | Killed from afar by Grinder

Skill      XL: |  1  2  3  4  5 |
---------------+----------------+-----
Armour         | 1 2 |  2.0
Axes           | 4 |  4.3
Fighting       | 4 |  4.0
Stealth        | 6 |  6.1
Dodging        | |  2.6
Invocations    | |  0.8

Action                   |  1- 3 |  4- 6 || total
-------------------------+-------+-------++-------
Melee: Hand axe          |   108 |   175 ||   283
Invok: Heroism           |       |     4 ||     4
  Use: Potion            |     1 |     6 ||     7
       Scroll            |       |     1 ||     1
 Stab: Sleeping          |     6 |       ||     6
  Eat: Chunk             |       |     5 ||     5
Armor: Robe              |     9 |       ||     9
       Scale mail        |    30 |       ||    30
       Chain mail        |     4 |    19 ||    23
       Plate armour      |       |   103 ||   103
Dodge: Dodged            |    63 |    63 ||   126

Levels and vault maps discovered:
D:1:      lemuel_arrival_rhombus, layout_basic, corexii_item_surrounded_by_moat
D:2:      layout_loops_ring, marbit_many_paths, grunt_temple_overflow_open,
          okawaru_trees_1, first_ration, uniq_natasha
D:3:      layout_basic, uniq_sigmund
D:4:      layout_cave_pools, minmay_temple_entry_hall, portal_sewer_entry_d,
          xom_teletrap_fun, uniq_grinder, uniq_eustachio, uniq_robin
